 Dungeon Crawl Stone Soup version 0.30-a0-1160-g6e42c06551 (webtiles) character file.

Game seed: 2636264531347512636

3462 LustLizard the Arsonist (level 9, -3/51 HPs)
             Began as a Deep Elf Fire Elementalist on Apr 25, 2023.
             Was an Initiate of Hepliaklqana.
             Slain by an orc warrior
             ... wielding a +0 scimitar
              (16 damage)
             ... on level 7 of the Dungeon.
             The game lasted 00:16:59 (9570 turns).

LustLizard the Arsonist (DEFE)                      Turns: 9570, Time: 00:17:00

Health: -3/51      AC:  7    Str:  9    XL:     9   Next: 78%
Magic:  8/21       EV: 14    Int: 21    God:    Hepliaklqana [......]
Gold:   302        SH:  0    Dex: 15    Spells: 9/21 levels left

rFire   . . .        G - +2 short sword (venom)
rCold   . . .        (no shield)
rNeg    . . .        c - +2 robe {Will+}
rPois   .            (no helmet)
rElec   .            i - +1 cloak
rCorr   .            (no gloves)
SInv    .            a - +0 pair of boots
Will    ++...        (no amulet)
Stlth   +++          q - ring of wizardry
HPRegen 0.28/turn    u - ring of willpower
MPRegen 0.17/turn

%: wizardry (x1)
@: no status effects
A: no striking features
a: Renounce Religion


You were on level 7 of the Dungeon.
You worshipped Hepliaklqana.
Hepliaklqana was noncommittal.
You visited 2 branches of the dungeon, and saw 8 of its levels.
You also visited: Ossuary.

You collected 302 gold pieces.

Inventory:

Hand Weapons
 G - a +2 short sword of venom (weapon)
Armour
 a - a +0 pair of boots (worn)
 c - a +2 robe of willpower (worn)
 i - a +1 cloak (worn)
 p - a +0 buckler
Jewellery
 q - a ring of wizardry (left hand)
 t - a ring of protection from fire
 u - a ring of willpower (right hand)
 w - a ring of resist corrosion
 B - a ring of magical power
Wands
 k - a wand of acid (4)
 x - a wand of polymorph (7)
Scrolls
 d - a scroll of fear {unknown}
 e - 2 scrolls of silence {unknown}
 f - 2 scrolls of magic mapping {unknown}
 g - 6 scrolls of teleportation
 j - 2 scrolls of noise {unknown}
 m - 2 scrolls of enchant weapon {unknown}
 n - 2 scrolls of torment {unknown}
 s - a scroll of enchant armour {unknown}
 y - 2 scrolls of amnesia {unknown}
 E - a scroll of fog {unknown}
 F - 2 scrolls of blinking {unknown}
Potions
 b - a potion of magic
 h - 2 potions of curing
 l - a potion of haste {unknown}
 o - a potion of flight {unknown}
 r - a potion of lignification {unknown}
 v - 2 potions of might
 z - 2 potions of berserk rage
 A - 6 potions of heal wounds
 D - 2 potions of ambrosia


   Skills:
 + Level 3.6 Fighting
 + Level 4.5 Dodging
 + Level 6.4 Stealth
 + Level 2.4 Shields
 + Level 6.7 Spellcasting
 * Level 7.4 Conjurations
 + Level 5.3 Hexes
 * Level 8.2 Fire Magic


You had 9 spell levels left.
You knew the following spells:

 Your Spells              Type           Power      Damage    Failure   Level
a - Foxfire               Conj/Fire      100%       2x1d9     1%          1
b - Scorch                Fire           82%        2d8       1%          2
c - Blink                 Tloc           14%        N/A       6%          2
d - Inner Flame           Hex/Fire       35%        N/A       1%          3
e - Flame Wave            Conj/Fire      39%        2d11      1%          4

Your spell library contained the following spells:

 Spells                   Type           Power      Damage    Failure   Level
 Volatile Blastmotes      Fire/Tloc      48%        2d14      1%          3
 Portal Projectile        Hex/Tloc       36%        N/A       3%          3
 Call Canine Familiar     Summ           7%         N/A       11%         3
 Leda's Liquefaction      Hex/Erth       9%         N/A       12%         4
 Manifold Assault         Tloc           7%         N/A       32%         4
 Storm Form               Tmut/Air       3%         N/A       100%        7


Dungeon Overview and Level Annotations

Branches:
Dungeon (7/15)             Temple (1/1) D:4         Ossuary (visited)

Altars:
Ashenzari
Cheibriados
Dithmenos
Elyvilon
Gozag
Hepliaklqana
Kikubaaqudgha
Makhleb
Okawaru
Ru
Sif Muna
Uskayaw
Vehumet
Wu Jian
Xom
Zin

Annotations:
D:5 Menkaure


Message History

The foxfire hits the orc warrior but does no damage.
The orc warrior is severely wounded.
The orc warrior drinks a potion.
The orc warrior flickers and vanishes!
Unknown command.
Unknown command.
You conjure some foxfire!
Something hits you!
You conjure some foxfire!
You conjure some foxfire!
The foxfire hits something.
The foxfire hits something but does no damage. x2
Something hits you!
The foxfire hits something but does no damage.
Unknown command.
You conjure some foxfire!
Something barely misses you.
You conjure some foxfire!
The foxfire hits something but does no damage.
The foxfire hits something.
Something hits you!
You conjure some foxfire!
Something hits you!
Unknown command.
You closely miss something.
The foxfire hits something but does no damage. x3
Something hits you.
* * * LOW HITPOINT WARNING * * *
The foxfire hits something but does no damage.
Unknown command.
Unknown command.
Casting: Foxfire (safe; 1% risk of failure)
Confirm with . or Enter, or press ? or * to list all spells.
Okay, then.
You are too injured to fight recklessly!
Casting: Foxfire (safe; 1% risk of failure)
Confirm with . or Enter, or press ? or * to list all spells.
You conjure some foxfire!
The foxfire hits something but does no damage.
Something hits you.
* * * LOW HITPOINT WARNING * * *
Unknown command.
Casting: Foxfire (safe; 1% risk of failure)
Confirm with . or Enter, or press ? or * to list all spells.
You conjure some foxfire!
Something hits you!
You die...

..############ #...........#
....##############..........#
............................#
#.##....#########################
#.#####.......#. #.....#.....#..
#.............#. #.....#.....#..
..........###.#. #..#..#..#..#..
~≈........# #.#{###..#.[#..#..#..
≈≈........# #.#v@v...#....[#.....
≈~........# #.#.vv...#.....#.....
≈~...)....# #.###################
..........# #...................)
≈~........# #....................
≈~........# #####################
≈~...###### #......#.....#.....
≈~...# #......#.....#..... ~~..##
#'###..#..#..#))#..


There were no monsters in sight!

Vanquished Creatures
  Prince Ribbit (D:7)
  A slime creature (D:7)
  A wraith (Ossuary)
  2 steam dragons (D:7)
  A yak (D:7)
  A water moccasin (D:7)
  An ice beast (D:7)
  5 sky beasts (D:7)
  An ogre (D:6)
  A centaur (D:5)
  2 kobold brigands (D:7)
  Blork the orc (D:5)
  2 bullfrogs (D:7)
  A gnoll sergeant (D:7)
  3 scorpions
  A killer bee (D:7)
  4 howler monkeys
  A jelly (D:6)
  2 electric eels (D:7)
  2 orc priests
  5 hounds
  A human zombie (Ossuary)
  Crazy Yiuf (D:5)
  A sleepcap (D:7)
  Natasha (thrice) (D:2)
  5 iguanas
  2 orc wizards (D:7)
  3 mummies (Ossuary)
  8 gnolls
  8 adders
  2 shadow imps (D:7)
  A white imp (D:6)
  An ufetubus (D:4)
  8 worms
  2 dart slugs
  13 orcs
  8 ball pythons
  3 endoplasms (D:2)
  4 giant cockroaches
  2 gnoll zombies (Ossuary)
  4 goblins
  3 hobgoblins
  5 kobolds
  3 quokkas
  4 bats
  4 frilled lizards
  3 goblin zombies (Ossuary)
  4 hobgoblin zombies (Ossuary)
  2 kobold zombies (Ossuary)
  An orc zombie (Ossuary)
  2 rats (D:3)
150 creatures vanquished.

Vanquished Creatures (others)
  716 foxfires
  A fungus (D:5)
717 creatures vanquished.

Grand Total: 867 creatures vanquished

Notes
Turn   | Place    | Note
-------+----------+-------------------------------------------
     0 | D:1      | LustLizard the Deep Elf Fire Elementalist began the quest
                  | for the Orb.
     0 | D:1      | Reached XP level 1. HP: 10/10 MP: 6/6
   640 | D:1      | Reached XP level 2. HP: 15/15 MP: 4/8
   996 | D:2      | Learned a level 2 spell: Scorch
  1167 | D:2      | Found a glowing silver altar of Zin.
  1400 | D:2      | Reached XP level 3. HP: 20/20 MP: 5/9
  1658 | D:2      | Noticed Natasha
  1669 | D:2      | Killed Natasha
  1670 | D:2      | Reached skill level 4 in Fire Magic
  2012 | D:2      | Noticed Natasha
  2065 | D:2      | Killed Natasha
  2066 | D:2      | Reached skill level 1 in Fighting
  2066 | D:2      | Reached XP level 4. HP: 4/25 MP: 6/11
  2516 | D:2      | Noticed Natasha
  2523 | D:2      | Killed Natasha
  2608 | D:3      | Learned a level 2 spell: Blink
  2612 | D:3      | Learned a level 3 spell: Inner Flame
  2684 | D:3      | Reached XP level 5. HP: 29/29 MP: 5/12
  3663 | D:4      | Found a staircase to the Ecumenical Temple.
  3670 | Temple   | Entered the Ecumenical Temple
  4073 | D:4      | Reached skill level 1 in Hexes
  4186 | D:4      | Learned a level 4 spell: Flame Wave
  4194 | D:4      | Reached XP level 6. HP: 34/34 MP: 7/14
  4327 | D:4      | Reached skill level 5 in Fire Magic
  4738 | D:5      | Entered Level 5 of the Dungeon
  4776 | D:5      | Noticed Blork the orc
  4781 | D:5      | Killed Blork the orc
  4825 | D:5      | Reached XP level 7. HP: 39/39 MP: 7/15
  5047 | D:5      | Found a sand-covered staircase.
  5054 | Ossuary  | Entered an ossuary
  5054 | Ossuary  | Noticed a wraith
  5054 | Ossuary  | Noticed a wraith
  5054 | Ossuary  | Noticed a wraith
  5692 | Ossuary  | Noticed a wraith
  5697 | Ossuary  | Killed a wraith
  5698 | Ossuary  | Reached skill level 5 in Spellcasting
  5698 | Ossuary  | Reached skill level 5 in Conjurations
  5698 | Ossuary  | Reached skill level 6 in Fire Magic
  5834 | D:5      | Found a snail-covered altar of Cheibriados.
  5837 | D:5      | Noticed Menkaure
  5858 | D:5      | Found a shadowy altar of Dithmenos.
  6110 | D:5      | Found a shimmering altar of Xom.
  6111 | D:5      | Found a hazy altar of Hepliaklqana.
  6112 | D:5      | Noticed a spectral ugly thing
  6312 | D:5      | Found a runed translucent door.
  6313 | D:5      | Noticed Crazy Yiuf
  6330 | D:5      | Killed Crazy Yiuf
  6331 | D:5      | Reached XP level 8. HP: 45/45 MP: 13/17
  7334 | D:6      | Reached skill level 5 in Stealth
  7902 | D:5      | Became a worshipper of Hepliaklqana the Forgotten
  8178 | D:7      | Reached skill level 1 in Shields
  8191 | D:7      | Reached skill level 7 in Fire Magic
  8371 | D:7      | Noticed Prince Ribbit
  8385 | D:7      | Killed Prince Ribbit
  8386 | D:7      | Reached XP level 9. HP: 50/50 MP: 13/20
  8698 | D:7      | Found a radiant altar of Vehumet.
  9208 | D:7      | Reached skill level 5 in Hexes
  9334 | D:7      | Reached skill level 8 in Fire Magic
  9570 | D:7      | Slain by an orc warrior

Illustrated notes

Levels and vault maps discovered:
D:1:      nzn_arrival_settlement, layout_loops_corners, minmay_misc_feat_tiny,
          minmay_liquid_box
D:2:      layout_loops_corners, basic_altar, uniq_natasha
D:3:      layout_loops_ring, nicolae_wormholes
D:4:      layout_cave_pools, minmay_temple_entry_metal_lava
D:5:      layout_cave_pools, regret_index_temple_of_mockery,
          overflow_temple_1_default, nicolae_dithmenos_the_darkroom,
          enter_ossuary_5, uniq_menkaure, uniq_blork_the_orc,
          uniq_crazy_yiuf_cottage
D:6:      layout_loops_corners
D:7:      kennysheep_windowed_halls, layout_rooms, nicolae_vehumet_altar_sigil,
          minivault_14, uniq_prince_ribbit1
Temple:   jpeg_temple_alley_garden

Skill      XL: |  1  2  3  4  5  6  7  8  9 |
---------------+----------------------------+-----
Conjurations   | 2 3 4 5 6 7 |  7.4
Fire Magic     | 4 5 6 7 8 |  8.2
Fighting       | 1 2 3 |  3.6
Stealth        | 3 4 5 6 |  6.4
Spellcasting   | 4 5 6 |  6.7
Hexes          | 1 2 3 4 5 |  5.3
Dodging        | 3 4 |  4.5
Shields        | 1 2 |  2.4

Action                     |  1- 3 |  4- 6 |  7- 9 || total
---------------------------+-------+-------+-------++-------
  Melee: Unarmed           |     2 |       |       ||     2
         Short sword       |     2 |     8 |     7 ||    17
         Punch             |       |       |     1 ||     1
   Cast: Foxfire           |    65 |   112 |   248 ||   425
         Scorch            |     1 |    12 |    39 ||    52
    Use: Scroll            |       |       |     9 ||     9
         Potion            |       |       |     3 ||     3
   Stab: Sleeping          |       |     3 |       ||     3
 Armour: Robe              |     6 |     4 |     6 ||    16
  Dodge: Dodged            |    11 |     4 |    24 ||    39

Table legend: (Time is in decaauts)
 A = Elapsed time spent in this place.
 B = Non-inter-level travel time spent in this place.
 C = Inter-level travel time spent in this place.
 D = Time resting spent in this place.
 E = Time spent auto-exploring this place.
 F = Levels seen in this place.
 G = Mean time per level.
                   A        B        C        D        E       F      G
               +--------+--------+--------+--------+--------+-----+--------+
         Total |   9578 |   9060 |    518 |    381 |   7138 |   9 | 1064.2 |
       Dungeon |   8573 |   8107 |    466 |    314 |   6419 |   7 | 1224.7 |
        Temple |    231 |    179 |     52 |      0 |    173 |   1 |  231.0 |
       Ossuary |    773 |    773 |      0 |     67 |    546 |   1 |  773.0 |
               +--------+--------+--------+--------+--------+-----+--------+

Top non-repeatable levels by time:
     D:2: 1668 daAuts
     D:7: 1539 daAuts
     D:6: 1378 daAuts
     D:5: 1150 daAuts
     D:3: 1024 daAuts
     D:1: 991 daAuts
     D:4: 820 daAuts
 Ossuary: 773 daAuts
  Temple: 231 daAuts
